 Dungeon Crawl Stone Soup version 0.23.2-1-ga50397a6bc (webtiles) character file.

Game seed: 11373432550748792652

800 Marnok the Chopper (level 7, 0/56 HPs)
             Began as a Demonspawn Abyssal Knight on Apr 21, 2019.
             Was a Believer of Lugonu.
             Slain by an ogre
             ... wielding a +0 giant club
              (24 damage)
             ... on level 5 of the Dungeon.
             The game lasted 00:13:31 (4406 turns).

Marnok the Chopper (Demonspawn Abyssal Knight)      Turns: 4406, Time: 00:13:31

Health: 0/56       AC: 14    Str: 14    XL:     7   Next: 59%
Magic:  8/8        EV:  7    Int: 14    God:    Lugonu [**....]
Gold:   230        SH:  3    Dex: 12    Spells: 6/6 levels left

rFire    . . .     SeeInvis .   a - +2 hand axe
rCold    . . .     Gourm    .   g - +0 buckler
rNeg     . . .     Faith    .   k - +0 chain mail
rPois    .         Spirit   .   t - +0 helmet (curse)
rElec    .         Reflect  .   (no cloak)
rCorr    .         Harm     .   (no gloves)
MR       .....                  (no boots)
Stlth    ..........             (no amulet)
HPRegen  0.18/turn              e - +6 ring of slaying
MPRegen  0.11/turn              q - +1 ring of evasion

@: no status effects
A: claws 1, iridescent scales 2, demonic guardian 1
a: Depart the Abyss, Bend Space, Renounce Religion


You were on level 5 of the Dungeon.
You worshipped Lugonu.
Lugonu was pleased with you.
You were not hungry.

You visited 1 branch of the dungeon, and saw 5 of its levels.
You visited the Abyss 1 time.

You collected 230 gold pieces.

Inventory:

Hand Weapons
 a - a +2 hand axe (weapon)
 p - a +0 dagger of venom
 s - a +4 hand axe of distortion
 w - a +1 long sword of holy wrath
Missiles
 h - 3 tomahawks (quivered)
Armour
 g - a +0 buckler (worn)
 k - a +0 chain mail (worn)
 t - a cursed +0 helmet (worn)
Jewellery
 e - a +6 ring of slaying (left claw)
 q - a +1 ring of evasion (right claw)
Wands
 o - a wand of paralysis (7)
 x - a wand of digging (4)
Scrolls
 b - 2 scrolls of fear
 d - 2 scrolls of magic mapping
 f - 7 scrolls of identify
 i - 7 scrolls of remove curse
 j - 4 scrolls of teleportation {unknown}
 m - a scroll of noise {unknown}
 n - a scroll of immolation
 v - a scroll of enchant weapon
 y - a scroll of blinking {unknown}
Potions
 l - a potion of cancellation {unknown}
 u - a potion of haste {unknown}
Comestibles
 c - 9 rations
 r - 3 chunks of flesh


   Skills:
 + Level 5.1 Fighting
 + Level 5.5 Axes
 + Level 3.2 Armour
 + Level 2.3 Dodging
 + Level 1.1 Stealth
 + Level 1.0 Shields
 + Level 2.4 Invocations


You had 6 spell levels left.
You didn't know any spells.
Your spell library contained the following spells:

 Spells                   Type           Power        Failure   Level  Hunger
 Confusing Touch          Hex            #.....       100%        1    ##.....
 Confuse                  Hex            #.......     100%        3    ####...
 Gell's Gravitas          Tloc           #.........   100%        3    ####...
 Petrify                  Tmut/Erth      #.......     100%        4    #####..
 Metabolic Englaciation   Hex/Ice        #.........   100%        5    ######.
 Yara's Violent Unravell  Hex/Tmut       #.........   100%        5    ######.


Dungeon Overview and Level Annotations

Branches:
Dungeon (5/15)
 Temple: D:4-7

Altars:

Shops:
D:4 =


Innate Abilities, Weirdness & Mutations

You have sharp fingernails.
You are mostly covered in iridescent scales. (AC +4)
A weak demonic guardian rushes to your aid.


Message History

The ogre is lightly wounded.
Your iron imp hits the ogre!
You catch the helpless ogre completely off-guard!
You slash the ogre!
The ogre is almost dead.
The ogre hits you with a +0 giant club!!
Your iron imp hits the ogre but does no damage.
The ball python barely misses your iron imp.
The ball python grabs your iron imp.
The ball python constricts your iron imp.
You feel better. The ogre hits you with a +0 giant club!
Your iron imp misses the ball python.
The ball python bites your iron imp but does no damage.
The ball python constricts your iron imp.
Your chain mail prevents you from hitting the ogre.
The ogre is severely wounded.
The ball python bites your iron imp but does no damage.
The ball python constricts your iron imp.
The ogre hits you with a +0 giant club!!
You die...

##........##.#.. #.
#............... #.
#...#........... #.
#...#..........# #.
#...#..........# #S
#............... #5
#.......######.#
#O##.......########
#.@..........>.....
#####.......##.#....
#...................
#...................
#...................
##....####........##
#....# #.^......#
#....# #........##
#....# #........#.


You could see an ogre, a ball python and a friendly iron imp.

Vanquished Creatures
  2 centaurs (D:5)
  Blork the orc (D:4)
  4 hounds
  A bullfrog skeleton (D:4)
  An orc priest (D:3)
  An iguana (D:5)
  2 howler monkey skeletons
  10 adders
  A shadow imp (D:5)
  An ooze (D:1)
  3 worms
  A dart slug (D:1)
  2 leopard geckos (D:2)
  10 orcs
  2 ball pythons
  4 giant cockroaches
  6 goblins
  6 hobgoblins
  5 jackals
  7 kobolds
  7 quokkas
  9 bats
  3 frilled lizards
  A leopard gecko skeleton (D:5)
  10 rats
100 creatures vanquished.

Vanquished Creatures (collateral kills)
  Edmund (D:4)
  An ogre (D:5)
  An orc wizard (D:4)
3 creatures vanquished.

Grand Total: 103 creatures vanquished

Notes
Turn   | Place    | Note
-------+----------+-------------------------------------------
     0 | Abyss:1  | Marnok the Demonspawn Abyssal Knight began the quest for
                  | the Orb.
     0 | Abyss:1  | Reached XP level 1. HP: 18/18 MP: 2/2
    56 | Abyss:1  | Noticed a small abomination
   116 | Abyss:1  | Noticed a wretched star
   117 | D:1      | Escaped the Abyss
   184 | D:1      | Reached skill level 1 in Dodging
   269 | D:1      | Gained mutation: You have sharp fingernails. [demonic
                  | ancestry]
   269 | D:1      | Reached XP level 2. HP: 19/24 MP: 3/3
   277 | D:1      | Reached * piety under Lugonu
  1021 | D:2      | Gained mutation: You are partially covered in iridescent
                  | scales. (AC +2) [demonic ancestry]
  1021 | D:2      | Reached XP level 3. HP: 5/30 MP: 4/4
  1025 | D:2      | HP: 1/30 [poisoned by an adder]
  1795 | D:2      | Gained mutation: You are mostly covered in iridescent
                  | scales. (AC +4) [demonic ancestry]
  1795 | D:2      | Reached XP level 4. HP: 27/37 MP: 5/5
  2391 | D:2      | Reached XP level 5. HP: 21/42 MP: 6/6
  2633 | D:3      | Reached ** piety under Lugonu
  3067 | D:4      | Noticed Blork the orc
  3086 | D:4      | Killed Blork the orc
  3086 | D:4      | Reached skill level 1 in Stealth
  3086 | D:4      | Gained mutation: A weak demonic guardian rushes to your
                  | aid. [demonic ancestry]
  3086 | D:4      | Reached XP level 6. HP: 34/48 MP: 7/7
  3265 | D:4      | Found Pasijiq's Jewellery Emporium.
  3503 | D:4      | Noticed Edmund
  3522 | D:4      | Killed Edmund
  3629 | D:5      | Entered Level 5 of the Dungeon
  3669 | D:5      | Reached skill level 5 in Axes
  3669 | D:5      | Reached XP level 7. HP: 45/55 MP: 8/8
  3754 | D:5      | Reached skill level 1 in Shields
  4060 | D:5      | Reached skill level 5 in Fighting
  4406 | D:5      | Slain by an ogre

Skill      XL: |  1  2  3  4  5  6  7 |
---------------+----------------------+-----
Dodging        | 1 2 |  2.3
Axes           | 2 3 4 5 |  5.5
Armour         | 2 3 |  3.2
Fighting       | 4 5 |  5.1
Stealth        | 1 |  1.1
Shields        | 1 |  1.0
Invocations    | |  2.4

Action                   |  1- 3 |  4- 6 |  7- 9 || total
-------------------------+-------+-------+-------++-------
Melee: Hand axe          |    98 |   144 |    50 ||   292
Invok: Depart the Abyss  |     1 |       |       ||     1
  Use: Potion            |     3 |     2 |     1 ||     6
       Scroll            |     7 |       |       ||     7
 Stab: Sleeping          |     1 |     1 |       ||     2
       Distracted        |       |       |     1 ||     1
  Eat: Chunk             |     3 |     6 |     2 ||    11
Armor: Leather armour    |    25 |    26 |       ||    51
       Chain mail        |       |    68 |    24 ||    92
Dodge: Dodged            |    66 |    59 |    17 ||   142
Block: Buckler           |       |    16 |    10 ||    26
